 Dungeon Crawl Stone Soup version 0.16-a0-3303-g3c4fcab (webtiles) character file.

211 myeffort the Gusty (level 5, -1/28 HPs)
             Began as a Tengu Air Elementalist on Dec 25, 2014.
             Slain by a giant frog (4 damage)
             ... in a sewer.
             The game lasted 00:19:01 (2363 turns).

myeffort the Gusty (Tengu Air Elementalist)         Turns: 2363, Time: 00:19:02

Health: -1/28      AC:  2    Str:  9    XL:     5   Next: 88%
Magic:  5/13       EV: 15    Int: 16    God:
Gold:   173        SH:  0    Dex: 14    Spells: 4 memorised, 4 levels left

rFire  . . .     SeeInvis .     f - +0 dagger (venom)
rCold  . . .     Clarity  .     a - +0 robe
rNeg   . . .     SustAb   .     (no shield)
rPois  .         Gourm    .     (helmet restricted)
rElec  .         Spirit   .     (no cloak)
rCorr  +         Warding  .     (no gloves)
rMut   .         Stasis   .     (boots unavailable)
MR     .....                    v - amulet of resist corrosion
Stlth  ++........               (no ring)
                                (no ring)

@: lethally poisoned, swift, flying quickly and evasively, very quick, not
resistant to hostile enchantments, unstealthy
A: able to fly, beak, talons 3
a: no special abilities


You were in a sewer.
You were not hungry.

You visited 1 branch of the dungeon, and saw 3 of its levels.
You also visited: Sewer.

You collected 173 gold pieces.

Inventory:

Hand weapons
 f - a +0 dagger of venom (weapon)
Missiles
 l - 10 poisoned needles
Armour
 a - a +0 robe (worn)
Jewellery
 v - an amulet of resist corrosion (around neck)
Scrolls
 h - a scroll of magic mapping {unknown}
 i - 3 scrolls of remove curse {unknown}
 q - a scroll of identify {unknown}
 s - a scroll of teleportation {unknown}
 u - a scroll of immolation {unknown}
Potions
 j - a potion of curing
 m - a potion of brilliance {unknown}
 o - a potion of agility {unknown}
 r - a potion of lignification {unknown}
Books
 b - a book of Air

   Spells                             Type                      Level
   a - Shock                          Conjuration/Air              1
   b - Swiftness                      Charms/Air                   2
   c - Repel Missiles                 Charms/Air                   2
   d - Flight                         Charms/Air                   3
   e - Static Discharge               Conjuration/Air              3
   f - Lightning Bolt                 Conjuration/Air              5
 t - a book of Party Tricks

   Spells                             Type                      Level
   a - Summon Butterflies             Summoning                    1
   b - Apportation                    Translocation                1
   c - Tukima's Dance                 Hexes                        3
   d - Alistair's Intoxication        Transmutation/Poison         4
   e - Invisibility                   Hexes                        6
Comestibles
 c - 2 bread rations
 d - 13 fruits
 k - a slice of pizza
 n - a beef jerky
 p - a meat ration
 w - 2 chunks of flesh


   Skills:
 - Level 2.1 Dodging
 - Level 2.1 Stealth
 + Level 3.2 Spellcasting
 - Level 1.3 Conjurations
 + Level 7.4 Air Magic


You had 4 spell levels left.
You knew the following spells:

 Your Spells              Type           Power        Failure   Level  Hunger
a - Apportation           Tloc           #.........   21%         1    None
b - Shock                 Conj/Air       ###.         3%          1    None
c - Swiftness             Chrm/Air       ##......     8%          2    ##.....
d - Repel Missiles        Chrm/Air       ##....       8%          2    ##.....


Dungeon Overview and Level Annotations

Branches:
Dungeon (3/15)

Altars:
Elyvilon
Fedhas
Gozag
Kikubaaqudgha
Nemelex Xobeh
Xom


Innate Abilities, Weirdness & Mutations

You can fly.
You have a beak for a mouth.
You have claws for feet.


Message History

Press: ? - help
There are no items there.
You feel sick. The giant frog hits you.
* * * LOW HITPOINT WARNING * * *
Casting: Apportation
Confirm with . or Enter, or press ? or * to list all spells.
Aiming: Apportation
Press: ? - help
There are no items there.
Casting: Apportation
Confirm with . or Enter, or press ? or * to list all spells.
Aiming: Shock
Press: ? - help, Shift-Dir - straight line, f/p - adder
Aim: an adder The zap hits the giant frog.
The giant frog is heavily wounded.
The zap hits the adder.
The adder is heavily wounded.
The giant frog hits you.
You die...

≈#≈≈≈.##≈≈≈l≈ ##†.≈.#≈.≈≈#
##≈.≈##≈.≈..≈≈ ##†≈.##≈≈≈#
#≈≈≈≈#≈≈..$)?.s #≈≈≈≈#≈≈≈#
#≈≈≈≈#≈≈.$s..≈≈. #..≈≈#≈≈≈#
#≈≈≈≈#≈≈†≈l..≈s≈ #≈≈.≈#≈≈≈#
##≈≈≈#≈≈..S.≈s≈≈ ##≈≈≈##≈≈≈#
≈#≈≈≈#.≈.≈≈Fl≈.≈≈##††..#†≈≈≈#
≈##.≈##≈≈# ###≈≈≈.##.≈≈##
≈≈##†.#≈≈#######@≈≈≈≈##≈.≈≈#
.≈≈#≈.##s÷.J.S≈F≈.≈###≈≈≈≈##
≈.≈.≈≈≈#..≈l≈≈≈S####≈.≈≈≈##
###.≈≈#######.∩≈#≈.≈≈.≈≈##
##.≈#≈≈.≈≈#####.≈≈≈#####
####≈≈≈≈≈≈.≈†≈≈####≈≈∩#
#≈≈≈#########≈...≈#
#≈≈≈.≈≈≈≈≈≈≈..∩.#
#≈≈≈≈≈≈≈≈≈†.#####


You could see a giant frog, an ooze, an adder, a giant mite, a giant gecko and a
ball python.

Vanquished Creatures
  A river rat (D:3)
  4 adders
  8 giant mites (Sewer)
  7 giant geckos
  7 oozes
  An orc (D:3)
  5 bats
  16 giant cockroaches
  7 hobgoblins
  2 quokkas
  12 ball pythons
  13 giant newts
  4 goblins
  8 kobolds
  9 rats
104 creatures vanquished.

Notes
Turn   | Place    | Note
--------------------------------------------------------------
     0 | D:1      | myeffort, the Tengu Air Elementalist, began the quest for the Orb.
     0 | D:1      | Reached XP level 1. HP: 10/10 MP: 3/3
   256 | D:1      | Reached XP level 2. HP: 12/15 MP: 0/5
   330 | D:1      | Learned a level 2 spell: Swiftness
   344 | D:1      | Found a sparkling altar of Nemelex Xobeh.
   708 | D:2      | Found a blossoming altar of Fedhas.
   761 | D:2      | Found a shimmering altar of Xom.
   763 | D:2      | Found a white marble altar of Elyvilon.
   788 | D:2      | Reached XP level 3. HP: 19/19 MP: 5/7
   788 | D:2      | Reached skill level 5 in Air Magic
   998 | D:2      | Found an opulent altar of Gozag.
  1171 | D:3      | Found an ancient bone altar of Kikubaaqudgha.
  1222 | D:3      | Reached XP level 4. HP: 12/24 MP: 9/9
  1238 | D:3      | Reached skill level 6 in Air Magic
  1451 | D:3      | Found a glowing drain.
  1498 | Sewer    | Entered a sewer
  1657 | Sewer    | Learned a level 1 spell: Apportation
  1660 | Sewer    | Learned a level 2 spell: Repel Missiles
  1870 | Sewer    | Reached XP level 5. HP: 25/28 MP: 6/11
  1915 | Sewer    | Reached skill level 7 in Air Magic
  2348 | Sewer    | Noticed a giant frog
  2363 | Sewer    | Slain by a giant frog

Action                   |  1- 3 |  4- 6 || total
-------------------------+-------+-------++-------
Melee: Unarmed           |     4 |       ||     4
       Dagger            |    62 |    67 ||   129
 Cast: Shock             |    35 |    99 ||   134
       Swiftness         |       |     1 ||     1
  Use: Potion            |     1 |     3 ||     4
 Stab: Sleeping          |     3 |       ||     3
  Eat: Chunk             |     1 |     5 ||     6
